 Dungeon Crawl Stone Soup version 0.17.1-3-g152610e (webtiles) character file.

522 Gargoyl the Covered (level 7, -5/54 HPs)
             Began as a Demonspawn Abyssal Knight on Mar 14, 2016.
             Was a Believer of Lugonu.
             Slain by an ogre
             ... wielding a +0 giant club
              (13 damage)
             ... on level 4 of the Dungeon.
             The game lasted 00:12:33 (5013 turns).

Gargoyl the Covered (Demonspawn Abyssal Knight)     Turns: 5013, Time: 00:12:33

Health: -5/54      AC: 13    Str: 14    XL:     7   Next: 1%
Magic:  9/9        EV:  2    Int: 13    God:    Lugonu [**....]
Gold:   154        SH:  0    Dex: 13    Spells: 0 memorised, 6 levels left

rFire  + + .     SeeInvis .     r - +0 war axe
rCold  + + .     Clarity  .     g - +0 plate armour
rNeg   . . .     SustAt   .     (no shield)
rPois  +         Gourm    .     (helmet restricted)
rElec  +         Spirit   .     n - +0 cloak
rCorr  +         Warding  .     (no gloves)
rMut   .         Stasis   .     (no boots)
MR     .....                    (no amulet)
Stlth  ..........               (no ring)
                                i - ring of flight

@: resistant, held, not resistant to hostile enchantments, extremely unstealthy
A: antennae 1, blink, cold resistance 1, deterioration 1, fire resistance 1,
poison resistance, evolution 2, flame cloud immunity
a: Blink, Depart the Abyss, Bend Space, Renounce Religion, Evoke Flight


You were on level 4 of the Dungeon.
You worshipped Lugonu.
Lugonu was pleased with you.
You were not hungry.

You visited 1 branch of the dungeon, and saw 4 of its levels.
You visited the Abyss 1 time.

You collected 154 gold pieces.

Inventory:

Hand Weapons
 m - a +0 flail
 r - a +0 war axe (weapon)
Missiles
 d - 3 tomahawks (quivered)
Armour
 g - a +0 plate armour (worn)
 n - a +0 cloak (worn)
Jewellery
 i - a ring of flight (left hand)
Wands
 u - a wand of teleportation (2)
Scrolls
 a - 2 scrolls of teleportation {unknown}
 b - 2 scrolls of immolation {unknown}
 c - a scroll of remove curse {unknown}
 e - a scroll of fear {unknown}
 f - 2 scrolls of amnesia {unknown}
 h - a scroll of enchant weapon {unknown}
 j - a scroll of blinking {unknown}
 k - 3 scrolls of magic mapping {unknown}
 o - a scroll of enchant armour {unknown}
 p - 5 scrolls of identify {unknown}
Potions
 s - a potion of agility {unknown}
Comestibles
 q - a meat ration
 t - a chunk of flesh


   Skills:
 + Level 4.2 Fighting
 + Level 3.5 Axes
 + Level 0.1 Throwing
 + Level 4.8 Armour
 + Level 2.0 Dodging
 + Level 0.2 Stealth
 + Level 3.0 Invocations


You had 6 spell levels left.
You didn't know any spells.

Dungeon Overview and Level Annotations

Branches:
Dungeon (4/15)
 Temple: D:4-7

Altars:


Innate Abilities, Weirdness & Mutations

You have a pair of small antennae on your head.
Your flesh is heat resistant.
You are immune to clouds of flame.
You can translocate small distances at will.
Your flesh is cold resistant.
Your body sometimes deteriorates upon taking damage.
Your system is resistant to poisons.
You rapidly evolve.


Message History

The gnoll hits you but does no damage.
You hit the ogre but do no damage.
The ogre is heavily wounded.
Your plate armour prevents you from hitting the gnoll.
The gnoll is almost dead.
The gnoll hits you but does no damage. The ogre hits you with a giant club!
The gnoll hits you but does no damage. The gnoll hits you with a flail.
* * * LOW HITPOINT WARNING * * *
Drink which item? (? for menu, Esc to quit)
It was a potion of resistance.
You feel protected. The ogre hits you with a giant club!
* * * LOW HITPOINT WARNING * * *
The gnoll hits you but does no damage.
That item cannot be evoked!
The gnoll throws a throwing net.
The throwing net hits you.
You become entangled in the net!
You see here a throwing net.
You fail to use your ability.
The ogre hits you with a giant club!
You die...

. .... .. ..... #.# ..).. .## ##.
...... ######..### ###... ......
#.....#...# #.... #......
........#.# #..# ##.......
.....>..#.###..###g)....).
................@Og####### #
...)<.......##.###.# ###.###
........##......#..######.......
........##.##...............#
#.....####.##...###.###....######
####### ##.##..................<.
#........##..##........[.
#....[...###.#...#....##.
#...........)..........#(


You could see an ogre and 2 gnolls.

Vanquished Creatures
  The ghost of Name63 the Magician, an amateur GrWz (D:4)
  A scorpion (D:4)
  An orc wizard (D:4)
  Ijyb (D:2)
  A worker ant (D:3)
  A hound skeleton (D:4)
  5 gnolls
  8 adders
  An ooze (D:4)
  3 worms (D:3)
  3 giant geckos
  7 orcs
  2 ball pythons
  8 hobgoblins
  3 jackals (D:3)
  A quokka (D:4)
  4 bats
  7 giant cockroaches
  5 giant newts
  6 goblins
  7 kobolds
  13 rats
89 creatures vanquished.

Notes
Turn   | Place    | Note
--------------------------------------------------------------
     0 | Abyss:1  | Gargoyl the Demonspawn Abyssal Knight began the quest for the Orb.
     0 | Abyss:1  | Reached XP level 1. HP: 18/18 MP: 2/2
    52 | Abyss:1  | Noticed a wretched star
    54 | D:1      | Escaped the Abyss
   476 | D:1      | Gained mutation: You have a pair of small antennae on your head. [demonic ancestry]
   476 | D:1      | Reached XP level 2. HP: 17/24 MP: 4/4
   728 | D:1      | Reached * piety under Lugonu
   777 | D:1      | Reached skill level 1 in Dodging
  1241 | D:1      | You fall through a shaft!
  1345 | D:2      | Reached XP level 3. HP: 10/29 MP: 5/5
  1598 | D:2      | Gained mutation: You evolve. [potion of mutation]
  1598 | D:2      | Gained mutation: Your body sometimes deteriorates upon taking damage. [potion of mutation]
  1598 | D:2      | Gained mutation: You rapidly evolve. [potion of mutation]
  1618 | D:2      | HP: 1/29 [poisoned by an adder]
  2187 | D:2      | Gained mutation: Your system is resistant to poisons. [evolution]
  2505 | D:2      | Noticed Ijyb
  2533 | D:2      | Killed Ijyb
  2533 | D:2      | Gained mutation: Your flesh is heat resistant. [demonic ancestry]
  2533 | D:2      | Reached XP level 4. HP: 36/36 MP: 6/6
  2746 | D:2      | Gained mutation: Your flesh is cold resistant. [evolution]
  3049 | D:3      | Reached XP level 5. HP: 39/41 MP: 7/7
  3371 | D:4      | Noticed Name63's ghost (amateur GrWz)
  3877 | D:3      | Reached ** piety under Lugonu
  4304 | D:3      | Reached skill level 4 in Armour
  4500 | D:3      | Gained mutation: You can translocate small distances at will. [evolution]
  4696 | D:4      | Killed Name63's ghost
  4696 | D:4      | Gained mutation: You are immune to clouds of flame. [demonic ancestry]
  4696 | D:4      | Reached XP level 6. HP: 33/48 MP: 8/8
  4997 | D:4      | Noticed an ogre
  5006 | D:4      | Reached XP level 7. HP: 46/54 MP: 9/9
  5013 | D:4      | Slain by an ogre

Action                   |  1- 3 |  4- 6 |  7- 9 || total
-------------------------+-------+-------+-------++-------
Melee: Hand axe          |   176 |   206 |       ||   382
       War axe           |       |   110 |     3 ||   113
Throw: Tomahawk          |       |     4 |       ||     4
Invok: Depart the Abyss  |     1 |       |       ||     1
  Use: Potion            |     3 |       |     1 ||     4
 Stab: Sleeping          |     1 |       |       ||     1
  Eat: Chunk             |     3 |     7 |       ||    10
       Bread ration      |     1 |       |       ||     1
